 Dungeon Crawl Stone Soup version 0.19.1-1-g22dce08 (webtiles) character file.

4706 Queen the Cleaver (level 10, 0/66 HPs)
             Began as a Gargoyle Berserker on Jan 6, 2017.
             Was an Elder of Trog.
             Killed from afar by an orc wizard (7 damage)
             ... with a magic dart
             ... on level 8 of the Dungeon.
             The game lasted 00:07:29 (8841 turns).

Queen the Cleaver (Gargoyle Berserker)              Turns: 8841, Time: 00:07:29

Health: 0/66       AC: 17    Str: 24      XL:     10   Next: 45%
Magic:  10/10      EV: 10    Int:  8      God:    Trog [****..]
Gold:   217        SH:  4    Dex:  8 (9)  Spells: 0 memorised, 9 levels left

rFire  + . .     SeeInvis +     d - +0 hand axe (drain)
rCold  . . .     Gourm    .     k - +0 chain mail
rNeg   + . .     Faith    .     b - +0 buckler
rPois  ∞         Spirit   .     (no helmet)
rElec  +         Reflect  .     (no cloak)
rCorr  .         Harm     .     (no gloves)
MR     .....                    (no boots)
Stlth  ..........               (no amulet)
                                c - ring of protection from fire
                                o - ring of see invisible

@: no status effects
A: repulsion field 1, negative energy resistance 1, electricity resistance,
unbreathing, petrification resistance, rot immunity, AC +7
a: Berserk, Trog's Hand, Brothers in Arms, Burn Spellbooks, Renounce Religion


You were on level 8 of the Dungeon.
You worshipped Trog.
Trog was greatly pleased with you.
You were near starving.

You visited 1 branch of the dungeon, and saw 8 of its levels.
You also visited: Sewer.

You collected 503 gold pieces.
You spent 286 gold pieces at shops.


Innate Abilities, Weirdness & Mutations

You are resistant to torment.
Your stone body is resilient. (AC +7)
You are immune to poison.
You resist negative energy. (rN+)
You are resistant to electric shocks. (rElec)
You can survive without breathing.
You are immune to petrification.
You are immune to rotting.
You are surrounded by a mild repulsion field. (EV +2)


   Skills:
 - Level 9.5 Fighting
 - Level 10.3 Axes
 - Level 6.4 Armour
 - Level 2.0 Dodging
 + Level 2.9 Shields


You had 9 spell levels left.
You didn't know any spells.

Inventory:

Hand Weapons
 d - a +0 hand axe of draining (weapon)
 m - a +2 morningstar of holy wrath
Missiles
 i - a tomahawk
 q - 8 steel tomahawks
 x - 2 javelins (quivered)
Armour
 b - a +0 buckler (worn)
 k - a +0 chain mail (worn)
Jewellery
 c - a ring of protection from fire (right hand)
 o - a ring of see invisible (left hand)
 v - an uncursed ring of fire
Scrolls
 g - 3 scrolls of identify
 j - a scroll of enchant armour
 p - 4 scrolls of remove curse
Potions
 a - a potion of heal wounds
 l - 3 potions of cure mutation
Comestibles
 e - 4 meat rations
 h - 7 beef jerkies
 n - 3 bread rations
 r - a slice of pizza

Dungeon Overview and Level Annotations

Branches:
Dungeon (8/15)             Temple (0/1) D:7
   Lair: D:8-11

Altars:
Dithmenos
Elyvilon
Gozag
Hepliaklqana
Makhleb
Sif Muna

Shops:
D:4 *


Message History

The adder skeleton bites you.
The orc wizard hits you but does no damage.
The orc completely misses you. You block the adder skeleton's attack.
The orc wizard hits you but does no damage.
The orc barely misses you.
The orc wizard points at you and mumbles some strange words.
The magic dart hits you! The adder skeleton closely misses you.
The orc wizard hits you but does no damage.
The orc hits you but does no damage. The adder skeleton bites you.
The orc wizard completely misses you. The orc barely misses you.
The orc wizard hits you but does no damage.
The adder skeleton barely misses you. The orc wizard casts a spell at you.
The magic dart hits you! The adder skeleton barely misses you.
You block the orc's attack.
The orc wizard hits you but does no damage.
The adder skeleton closely misses you. The orc barely misses you.
The orc wizard gestures at you while chanting.
The magic dart hits you!
You die...

##..#..####
####
##.###..#
....##
###.## ##.#
....$.##..##
#.# #.....##
#.. ##....#
#... ##..##
#.###
#...##.....
#@o....#
#oZ....#
#.$.....#
#....#...#
.[...###..#
...#... #..
...####.. ..
#... #..


You could see an orc wizard, an orc and an adder skeleton.

Vanquished Creatures
  The ghost of Dolanko the Spear-Bearer, a novice NaWr of Cheibriados (D:7)
  An oklob plant (D:7)
  The ghost of monokles the Insei, an amateur DsMo (Sewer)
  A hippogriff (D:8)
  Sigmund (D:5)
  A hungry ghost (D:8)
  2 orc warriors
  Duvessa (D:5)
  4 ice beasts
  A phantom (D:4)
  A necrophage (D:5)
  5 ogres
  3 sky beasts
  3 centaurs
  A gnoll sergeant (D:7)
  Dowan (D:5)
  4 howler monkeys
  A jelly (D:5)
  A crimson imp (D:6)
  A centaur zombie (D:5)
  A quasit (D:8)
  4 hounds
  3 orc priests
  2 bullfrog skeletons
  5 orc wizards
  3 iguanas
  6 worker ants
  A hound skeleton (D:6)
  6 adders
  3 gnolls (D:7)
  A river rat (D:4)
  A shadow imp (D:7)
  An adder zombie (D:5)
  3 adder skeletons
  10 worms
  9 leopard geckos
  18 orcs
  5 ball pythons
  7 giant cockroaches
  4 goblins
  10 hobgoblins
  13 jackals
  6 kobolds
  4 quokkas
  10 bats
  6 frilled lizards
  7 rats
184 creatures vanquished.

Vanquished Creatures (others)
  3 plants (D:7)
3 creatures vanquished.

Grand Total: 187 creatures vanquished

Notes
Turn   | Place    | Note
-------+----------+-------------------------------------------
     0 | D:1      | Queen the Gargoyle Berserker began the quest for the Orb.
     0 | D:1      | Reached XP level 1. HP: 14/14 MP: 1/1
     0 | D:1      | 0 ||| counter = 2
   148 | D:1      | Reached skill level 3 in Axes
   220 | D:1      | Reached XP level 2. HP: 16/19 MP: 2/2
   261 | D:1      | 261 ||| SWAPPING to glowing hand axe.
   537 | D:1      | 537 ||| UPGRADING to chain mail.
   547 | D:1      | 547 ||| DROPPING +0 animal skin.
   548 | D:1      | 548 ||| READING scroll labeled INORUPN DEQEODD.
   549 | D:1      | 549 ||| DRINKING 2 cyan potions.
   550 | D:1      | 550 ||| DROPPING potion of agility.
   609 | D:2      | 609 ||| STAIRDANCE
   629 | D:2      | 629 ||| INVOKING Berserk.
   708 | D:2      | 708 ||| INVOKING Berserk.
   747 | D:2      | 747 ||| INVOKING Berserk.
   751 | D:2      | Reached XP level 3. HP: 14/23 MP: 3/3
   769 | D:2      | 769 ||| EATING 2 bread rations.
  1017 | D:2      | Reached skill level 4 in Axes
  1026 | D:2      | 1026 ||| INVOKING Berserk.
  1149 | D:2      | Found a hazy altar of Hepliaklqana.
  1177 | D:2      | 1177 ||| INVOKING Berserk.
  1181 | D:2      | Reached ** piety under Trog
  1268 | D:2      | Reached XP level 4. HP: 28/28 MP: 4/4
  1510 | D:2      | Found a deep blue altar of Sif Muna.
  1613 | D:2      | 1613 ||| READING 4 scrolls labeled HUJAEZ OC TUNU.
  1614 | D:2      | 1614 ||| READING scroll labeled MYSOYH PAESCH.
  1615 | D:2      | 1615 ||| READING scroll labeled WOUFUU PEZU.
  1616 | D:2      | 1616 ||| READING 5 scrolls labeled WONLAY VOSTRE.
  1617 | D:2      | 1617 ||| SWAPPING to +0 hand axe.
  1618 | D:2      | 1618 ||| UPGRADING to club.
  1619 | D:2      | 1619 ||| SWAPPING to +0 hand axe.
  1620 | D:2      | 1620 ||| DROPPING -1 hand axe.
  1621 | D:2      | 1621 ||| UPGRADING to silver ring.
  1622 | D:2      | 1622 ||| UPGRADING to ruby ring.
  1623 | D:2      | 1623 ||| REMOVING ring of wizardry.
  1624 | D:2      | 1624 ||| DROPPING ring of wizardry.
  1625 | D:2      | 1625 ||| READING scroll labeled SEAWKA CUTEHA.
  1626 | D:2      | 1626 ||| READING 3 scrolls of identify.
  1626 | D:2      | 1626 ||| IDENTIFYING black potion
  1627 | D:2      | 1627 ||| READING 2 scrolls of identify.
  1627 | D:2      | 1627 ||| IDENTIFYING bubbling dark potion
  1628 | D:2      | 1628 ||| DROPPING potion of degeneration.
  1930 | D:3      | 1930 ||| INVOKING Berserk.
  2222 | D:3      | Reached skill level 5 in Axes
  2222 | D:3      | Reached XP level 5. HP: 30/32 MP: 5/5
  2312 | D:3      | Found a burning altar of Makhleb.
  2313 | D:3      | Found a white marble altar of Elyvilon.
  2754 | D:3      | 2754 ||| UPGRADING to thick lapis lazuli amulet.
  2755 | D:3      | 2755 ||| REMOVING amulet of harm.
  2756 | D:3      | 2756 ||| DROPPING amulet of harm.
  2757 | D:3      | 2757 ||| DRINKING 2 sapphire potions.
  2791 | D:4      | 2791 ||| STAIRDANCE
  2829 | D:4      | Reached XP level 6. HP: 23/38 MP: 6/6
  2838 | D:4      | 2838 ||| INVOKING Berserk.
  3240 | D:4      | Reached skill level 6 in Axes
  3248 | D:4      | Found a glowing drain.
  3249 | D:4      | 3249 ||| Found Sewer.
  3272 | Sewer    | Entered a sewer
  3273 | Sewer    | 3273 ||| Entered Sewer.
  3327 | Sewer    | Reached *** piety under Trog
  3422 | Sewer    | Noticed monokles's ghost (amateur DsMo)
  3426 | Sewer    | 3426 ||| INVOKING Berserk.
  3465 | Sewer    | HP: 8/38 [monokles's ghost (4)]
  3466 | Sewer    | 3466 ||| DRINKING potion of heal wounds.
  3479 | Sewer    | Killed monokles's ghost
  3479 | Sewer    | Reached skill level 7 in Axes
  3479 | Sewer    | Reached XP level 7. HP: 21/43 MP: 7/7
  3481 | Sewer    | 3481 ||| INVOKING Berserk.
  3486 | Sewer    | 3486 ||| EATING slice of pizza.
  3763 | Sewer    | 3763 ||| UPGRADING to small peridot amulet.
  3764 | Sewer    | 3764 ||| READING 4 scrolls of remove curse.
  3765 | Sewer    | 3765 ||| REMOVING amulet of inaccuracy.
  3766 | Sewer    | 3766 ||| DROPPING amulet of inaccuracy.
  3767 | Sewer    | 3767 ||| DROPPING amulet of inaccuracy.
  3768 | Sewer    | 3768 ||| UPGRADING to wooden ring.
  3769 | Sewer    | 3769 ||| REMOVING ring of magical power.
  3770 | Sewer    | 3770 ||| DROPPING ring of magical power.
  3771 | Sewer    | 3771 ||| UPGRADING to coral ring.
  3772 | Sewer    | 3772 ||| REMOVING ring of fire.
  3773 | Sewer    | 3773 ||| READING 2 scrolls labeled ORCHEM PAGAO.
  3776 | Sewer    | 3776 ||| READING 2 scrolls labeled VYIPROAPAR.
  3777 | Sewer    | 3777 ||| DRINKING 3 bubbling red potions.
  3778 | Sewer    | 3778 ||| DRINKING 2 lumpy coppery potions.
  3779 | Sewer    | 3779 ||| READING 5 scrolls of identify.
  3779 | Sewer    | 3779 ||| IDENTIFYING viscous cyan potion
  3780 | Sewer    | 3780 ||| READING 4 scrolls of identify.
  3780 | Sewer    | 3780 ||| IDENTIFYING viscous purple potion
  3781 | Sewer    | 3781 ||| READING 3 scrolls of identify.
  3781 | Sewer    | 3781 ||| IDENTIFYING orange potion
  3782 | Sewer    | 3782 ||| READING 2 scrolls of identify.
  3782 | Sewer    | 3782 ||| IDENTIFYING fizzy coppery potion
  3783 | Sewer    | 3783 ||| DROPPING potion of berserk rage.
  3784 | Sewer    | 3784 ||| DROPPING potion of mutation.
  3785 | Sewer    | 3785 ||| DROPPING scroll of fear.
  3786 | Sewer    | 3786 ||| DROPPING 2 potions of flight.
  3787 | Sewer    | 3787 ||| DROPPING potion of ambrosia.
  3788 | Sewer    | 3788 ||| DROPPING potion of invisibility.
  4038 | D:4      | 4038 ||| DROPPING +0 club.
  4039 | D:4      | 4039 ||| UPGRADING to mace.
  4040 | D:4      | 4040 ||| SWAPPING to +0 hand axe.
  4157 | D:4      | 4157 ||| UPGRADING to flail.
  4158 | D:4      | 4158 ||| SWAPPING to +0 hand axe.
  4159 | D:4      | 4159 ||| DROPPING +0 mace.
  4211 | D:4      | 4211 ||| READING scroll of enchant weapon.
  4211 | D:4      | 4211 ||| ENCHANTING +0 hand axe.
  4588 | D:4      | Found Xoetiuha's Assorted Antiques.
  4599 | D:4      | Bought a scroll of teleportation for 66 gold pieces
  4599 | D:4      | Bought a fine scale mail for 198 gold pieces
  4599 | D:4      | 4599 ||| SHOPLISTING granite ring (110 gold, have 31).
  4599 | D:4      | 4599 ||| SHOPLISTING pair of boots (99 gold, have 31).
  4599 | D:4      | Bought a scroll labeled PUICKOOMAO for 22 gold pieces
  4599 | D:4      | 4599 ||| SHOPLISTING scroll labeled GOFUCV GOISH (22 gold, have 9).
  4599 | D:4      | 4599 ||| SHOPLISTING worn iron wand (88 gold, have 9).
  4599 | D:4      | 4599 ||| SHOPLISTING scroll of identify (44 gold, have 9).
  4599 | D:4      | 4599 ||| UPGRADING to fine scale mail.
  4609 | D:4      | Identified the cursed +0 scale mail of Syndicalism {Dex+4} (You bought it in a shop on level 4 of the Dungeon)
  4609 | D:4      | 4609 ||| READING 3 scrolls of remove curse.
  4610 | D:4      | 4610 ||| UPGRADING to +0 chain mail.
  4620 | D:4      | 4620 ||| DROPPING +0 scale mail of Syndicalism {Dex+4}.
  4621 | D:4      | 4621 ||| READING scroll labeled PUICKOOMAO.
  4622 | D:4      | 4622 ||| DROPPING wand of lightning.
  4672 | D:5      | Entered Level 5 of the Dungeon
  4758 | D:5      | Reached skill level 3 in Armour
  4848 | D:5      | Reached XP level 8. HP: 43/50 MP: 8/8
  5081 | D:5      | 5081 ||| UPGRADING to glowing flail.
  5082 | D:5      | 5082 ||| READING 3 scrolls of remove curse.
  5083 | D:5      | 5083 ||| SWAPPING to +1 hand axe.
  5084 | D:5      | 5084 ||| DROPPING -2 flail.
  5097 | D:5      | Noticed Sigmund
  5104 | D:5      | 5104 ||| INVOKING Berserk.
  5115 | D:5      | Killed Sigmund
  5115 | D:5      | Reached skill level 8 in Axes
  5153 | D:5      | 5153 ||| EATING beef jerky.
  5276 | D:5      | Reached skill level 6 in Fighting
  5404 | D:5      | 5404 ||| INVOKING Berserk.
  5487 | D:5      | 5487 ||| INVOKING Berserk.
  5488 | D:5      | Noticed Duvessa
  5498 | D:5      | Killed Duvessa
  5498 | D:5      | Reached skill level 9 in Axes
  5499 | D:5      | Noticed Dowan
  5506 | D:5      | Killed Dowan
  5824 | D:5      | Reached XP level 9. HP: 56/56 MP: 9/9
  5856 | D:5      | 5856 ||| UPGRADING to small bronze ring.
  5857 | D:5      | 5857 ||| UPGRADING to tubular cabochon ring.
  5859 | D:5      | 5859 ||| REMOVING ring of flight.
  5860 | D:5      | 5860 ||| DROPPING ring of flight.
  5861 | D:5      | 5861 ||| UPGRADING to ring of see invisible.
  5862 | D:5      | 5862 ||| READING scroll labeled GANGUF WUIN.
  5863 | D:5      | 5863 ||| READING 3 scrolls of identify.
  5863 | D:5      | 5863 ||| IDENTIFYING emerald potion
  5864 | D:5      | 5864 ||| READING 2 scrolls of identify.
  5864 | D:5      | 5864 ||| IDENTIFYING fuming coppery potion
  5865 | D:5      | 5865 ||| DRINKING potion of beneficial mutation.
  5865 | D:5      | Gained mutation: You are surrounded by a mild repulsion field. (EV +2) [potion of beneficial mutation]
  5866 | D:5      | 5866 ||| DROPPING potion of lignification.
  5893 | D:6      | 5893 ||| STAIRDANCE
  5900 | D:6      | 5900 ||| STAIRDANCE
  6031 | D:6      | 6031 ||| STAIRDANCE
  6041 | D:6      | 6041 ||| STAIRDANCE
  6048 | D:6      | 6048 ||| STAIRDANCE
  6094 | D:6      | 6094 ||| INVOKING Berserk.
  6098 | D:6      | Received a gift from Trog
  6126 | D:6      | 6126 ||| READING 2 scrolls of teleportation.
  6167 | D:6      | 6167 ||| INVOKING Berserk.
  6177 | D:6      | 6177 ||| READING scroll of teleportation.
  6222 | D:6      | HP: 14/57 [centaur (5)]
  6223 | D:6      | 6223 ||| DRINKING 2 potions of heal wounds.
  6230 | D:6      | 6230 ||| DRINKING potion of curing.
  6230 | D:6      | 6230 ||| (to cure confusion)
  6233 | D:6      | Reached skill level 10 in Axes
  6323 | D:6      | 6323 ||| DROPPING +0 flail.
  6324 | D:6      | 6324 ||| UPGRADING to flail of protection.
  6325 | D:6      | 6325 ||| SWAPPING to +1 hand axe.
  6362 | D:6      | 6362 ||| INVOKING Berserk.
  6417 | D:6      | 6417 ||| DROPPING +2 flail of protection.
  6418 | D:6      | 6418 ||| UPGRADING to morningstar of holy wrath.
  6419 | D:6      | 6419 ||| SWAPPING to +1 hand axe.
  6512 | D:6      | 6512 ||| READING scroll of enchant weapon.
  6512 | D:6      | 6512 ||| ENCHANTING +1 hand axe.
  6587 | D:6      | 6587 ||| INVOKING Berserk.
  6612 | D:6      | Reached **** piety under Trog
  6633 | D:6      | 6633 ||| EATING 3 bread rations.
  6765 | D:6      | Found a shadowy altar of Dithmenos.
  6780 | D:6      | 6780 ||| READING 2 scrolls labeled GOFUCV GOISH.
  6781 | D:6      | 6781 ||| DROPPING scroll of amnesia.
  6850 | D:7      | Found an opulent altar of Gozag.
  6874 | D:7      | 6874 ||| INVOKING Berserk.
  6957 | D:7      | Noticed an oklob plant
  6971 | D:7      | 6971 ||| INVOKING Berserk.
  6979 | D:7      | HP: 19/88 [acid (10)]
  6984 | D:7      | HP: 17/88 [oklob plant/splash of acid (3)]
  6984 | D:7      | HP: 4/88 [acid (13)]
  6985 | D:7      | Killed an oklob plant
  6985 | D:7      | Reached skill level 6 in Armour
  7244 | D:7      | 7244 ||| EATING 2 bread rations.
  7251 | D:7      | 7251 ||| SWAPPING to hand axe of draining.
  7252 | D:7      | 7252 ||| DROPPING +2 hand axe.
  7317 | D:7      | 7317 ||| INVOKING Berserk.
  7320 | D:7      | Reached XP level 10. HP: 64/64 MP: 10/10
  7390 | D:7      | Noticed Dolanko's ghost (novice NaWr)
  7398 | D:7      | 7398 ||| INVOKING Berserk.
  7464 | D:7      | 7464 ||| INVOKING Berserk.
  7519 | D:7      | 7519 ||| INVOKING Berserk.
  7602 | D:7      | 7602 ||| EATING bread ration.
  7606 | D:7      | 7606 ||| INVOKING Berserk.
  7610 | D:7      | Killed Dolanko's ghost
  7610 | D:7      | Reached skill level 9 in Fighting
  7918 | D:7      | Found a staircase to the Ecumenical Temple.
  8099 | D:7      | 8099 ||| UPGRADING to buckler.
  8187 | D:8      | Reached skill level 1 in Shields
  8220 | D:8      | 8220 ||| EATING 4 meat rations.
  8832 | D:8      | HP: 15/66 [orc/short sword (2)]
  8837 | D:8      | HP: 12/66 [orc wizard/magic dart (4)]
  8841 | D:8      | Killed from afar by an orc wizard

Vault maps used:
D:1:      dpeg_arrival_boxes_within_box
D:2:      lemuel_round_altar, nicolae_overflow_crystal_walls
D:3:      gammafunk_temple_overflow_pools
D:4:      portal_sewer_entry_b, first_bread, serial_shops,
          nicolae_shop_window_shopping
D:5:      uniq_duvessa, uniq_sigmund
D:6:      grunt_dithmenos_smoke_and_mirrors, st_stairs_13
D:7:      grunt_ogre_cave, lemuel_oklob_altar
D:8:      minmay_misc_feat_x, uniq_grum
Sewer:    sewer_fruit_machine

Skill      XL: |  1  2  3  4  5  6  7  8  9 10 |
---------------+-------------------------------+-----
Axes           | 3 4 5 7 9 10 | 10.3
Fighting       | 4 5 6 8 9 |  9.5
Armour         | 3 4 6 |  6.4
Dodging        | 2 |  2.0
Shields        | 2 |  2.9

Action                   |  1- 3 |  4- 6 |  7- 9 | 10-12 || total
-------------------------+-------+-------+-------+-------++-------
Melee: Hand axe          |   135 |   239 |   370 |   168 ||   912
Throw: Javelin           |     4 |    49 |    31 |    15 ||    99
       Tomahawk          |       |     5 |    23 |     9 ||    37
Invok: Berserk           |     5 |     3 |    11 |     4 ||    23
  Use: Scroll            |     1 |     7 |    18 |       ||    26
       Potion            |     1 |     2 |     5 |       ||     8
  Eat: Chunk             |     2 |     9 |    15 |     3 ||    29
       Bread ration      |     1 |       |     2 |     1 ||     4
       Pizza             |       |       |     1 |       ||     1
       Beef jerky        |       |       |     1 |       ||     1
Armor: Animal skin       |    18 |       |       |       ||    18
       Chain mail        |    65 |   145 |   190 |   581 ||   981
Dodge: Dodged            |    82 |   102 |   142 |   406 ||   732
Block: Buckler           |       |       |       |   168 ||   168
